Map: Abyssal Reef LE

Players

Rogue

  • Race: Zerg Zerg
  • Spawn Location: 5:00

soO - Winner!

  • Race: Zerg Zerg
  • Spawn Location: 11:00

Event: 2017 WCS Global Finals

VOD

Have the link to the VOD?

Description

Time

  • Played on: Nov. 4, 2017, 6:32 p.m.
  • Length: 9:17

All games in this series

Show
View Real Time Build Order
Export as new Build Order

Rogue Zerg 

Build Orders: Pool First 

Get SALT Encoding   

  12  0:00  Drone  
  13  0:13  Overlord  
  13  0:17  Drone  
  14  0:31  Drone  
  14  0:32  Drone  
  17  0:35  Drone  
  17  0:45  Extractor, Drone  
  17  0:50  Spawning Pool  
  17  0:56  Drone  
  17  1:07  Drone  
  18  1:19  Hatchery  
  18  1:22  Drone  
  18  1:36  Queen  
  18  1:38  Zergling x2  
  21  1:44  Metabolic Boost  
  21  1:51  Overlord  
  21  1:55  Drone  
  22  2:06  Baneling Nest  
  22  2:08  Drone  
  22  2:15  Queen  
  22  2:19  Zergling x2  
  25  2:23  Zergling x2  
  26  2:32  Zergling x2  
  27  2:38  Zergling x2  
  27  2:44  Zergling x8  
  30  2:46  Zergling x2  
  33  2:53  Baneling x2  
  33  2:55  Zergling x2  
  34  2:59  Overlord  
  34  3:07  Drone x2  
  36  3:18  Drone x3  
  36  3:19  Drone  
  40  3:23  Drone  
  40  3:24  Drone  
  40  3:28  Drone  
  35  3:41  Drone x4  
  35  3:42  Drone  
  38  3:49  Drone x3  
  38  3:54  Drone x2  
  43  4:02  Evolution Chamber  
  42  4:09  Hatchery  
  40  4:12  Drone x2  
  42  4:20  Lair  
  42  4:21  Drone x2  
  42  4:23  Overlord  
  44  4:28  Zerg Ground Armor Level 1  
  44  4:32  Roach Warren  
  44  4:35  Extractor  
  44  4:38  Extractor  
  41  4:39  Drone x3  
  41  4:41  Drone  
  41  4:44  Queen  
  47  4:54  Overlord  
  47  4:55  Overlord  
  47  5:03  Overlord  
  47  5:12  Roach x2  
  47  5:13  Roach x5  
  61  5:16  Roach  
  61  5:20  Glial Reconstitution  
  63  5:26  Roach x3  
  69  5:31  Roach  
  69  5:34  Roach  
  69  5:35  Roach  
  75  5:36  Drone  
  75  5:38  Overlord  
  75  5:41  Overseer  
  76  5:48  Roach x2  
  80  5:50  Overlord  
  80  5:53  Overlord  
  80  5:57  Roach x2  
  84  6:00  Roach  
  86  6:05  Roach x2  
  86  6:08  Overlord  
  90  6:11  Roach  
  90  6:12  Roach  
  90  6:14  Drone  
  90  6:15  Drone  
  95  6:25  Drone  
  95  6:26  Drone x6  
  95  6:32  Drone x3  
  98  6:41  Roach x3  
  98  6:43  Overseer  
  104  6:47  Drone x4  
  104  6:49  Extractor  
  104  6:51  Overlord  
  107  6:58  Evolution Chamber, Drone x3  
  109  7:02  Extractor  
  109  7:04  Drone x4  
  112  7:10  Overlord x2  
  112  7:17  Extractor, Hydralisk Den  
  112  7:18  Zerg Missile Weapons Level 1  
  112  7:19  Drone  
  112  7:20  Drone x2  
  113  7:23  Roach x4  
  113  7:27  Overlord x2  
  121  7:33  Drone x2  
  121  7:34  Drone  
  124  7:43  Hatchery  
  123  7:46  Lurker Den  
  123  7:59  Hydralisk x3  
  123  8:00  Hydralisk x2  
  133  8:08  Drone  
  133  8:10  Roach x7  
  133  8:12  Ravager  
  149  8:14  Overlord  
  149  8:17  Ravager  
  149  8:19  Overlord  
  150  8:20  Roach x2  
  150  8:27  Unknown  
  154  8:30  Overlord x2  
  160  8:34  Roach x4  
  162  8:46  Roach x8  
  166  8:55  Roach x3  
Show
View Real Time Build Order
Export as new Build Order

soO Zerg - Winner!

Build Orders: Hatch First 

Get SALT Encoding   

  12  0:00  Drone  
  13  0:12  Overlord  
  13  0:16  Drone  
  14  0:30  Drone x2  
  14  0:33  Drone  
  17  0:51  Hatchery  
  17  0:54  Drone  
  17  1:08  Spawning Pool  
  17  1:10  Drone  
  17  1:14  Drone  
  17  1:16  Extractor  
  17  1:18  Drone  
  18  1:27  Drone  
  19  1:38  Overlord  
  19  1:54  Queen, Drone  
  20  2:00  Zergling x2  
  23  2:02  Queen  
  23  2:03  Drone  
  26  2:12  Drone  
  26  2:13  Drone  
  28  2:24  Drone  
  28  2:26  Drone  
  30  2:32  Lair  
  30  2:37  Drone  
  30  2:38  Queen  
  30  2:39  Drone  
  30  2:43  Overlord  
  34  2:50  Drone  
  35  2:56  Drone  
  36  3:01  Evolution Chamber  
  36  3:04  Drone x2, Roach Warren  
  37  3:05  Drone x2  
  37  3:08  Zergling x2  
  37  3:09  Zergling x2  
  37  3:12  Zergling x2  
  41  3:17  Zergling x4  
  43  3:26  Zergling x2  
  42  3:36  Queen  
  35  3:41  Queen  
  35  3:43  Roach x3  
  42  3:51  Zerg Missile Weapons Level 1  
  42  3:55  Overlord  
  42  3:56  Drone  
  42  4:00  Extractor  
  42  4:02  Glial Reconstitution, Drone  
  43  4:09  Overlord  
  43  4:16  Drone x3  
  46  4:18  Drone x2  
  46  4:22  Drone  
  49  4:25  Overseer  
  49  4:26  Overlord  
  49  4:33  Drone  
  49  4:37  Extractor  
  49  4:40  Drone  
  49  4:44  Drone  
  51  4:50  Drone x5  
  51  4:52  Roach  
  58  5:00  Roach  
  58  5:04  Roach  
  58  5:06  Hatchery  
  61  5:09  Overlord  
  61  5:11  Overseer  
  61  5:12  Roach  
  63  5:17  Overlord  
  63  5:19  Overlord  
  63  5:23  Roach x2  
  67  5:30  Roach  
  67  5:31  Roach x3  
  67  5:35  Overlord  
  75  5:41  Queen  
  77  5:44  Roach x2  
  77  5:48  Zerg Missile Weapons Level 2  
  77  5:49  Roach  
  83  5:52  Roach  
  85  5:59  Roach x3  
  85  6:03  Roach  
  93  6:07  Roach x2  
  97  6:12  Roach  
  97  6:15  Overlord  
  98  6:25  Roach  
  98  6:26  Roach x3  
  98  6:27  Drone x2  
  98  6:31  Drone x4  
  102  6:35  Drone  
  103  6:40  Drone x2  
  103  6:45  Roach  
  107  6:49  Drone  
  107  6:51  Drone  
  107  6:54  Drone  
  110  7:00  Overlord  
  110  7:02  Roach  
  110  7:04  Overlord  
  110  7:07  Roach  
  110  7:08  Overlord  
  114  7:13  Overlord  
  114  7:21  Roach x4  
  122  7:23  Roach  
  122  7:24  Roach x3  
  122  7:27  Roach x2  
  134  7:30  Extractor  
  134  7:33  Roach  
  134  7:36  Overlord  
  137  7:37  Roach x5  
  137  7:41  Overlord, Drone  
  137  7:42  Overseer  
  146  7:55  Roach  
  146  7:56  Roach x3, Overlord  
  146  7:57  Overlord  
  154  8:03  Roach x2  
  158  8:08  Roach x2  
  162  8:14  Overlord  
  162  8:16  Roach  
  162  8:17  Roach x7  
  178  8:22  Overlord  
  178  8:30  Overlord  
  178  8:35  Overlord  
  174  8:43  Roach x4  
  174  8:47  Roach x3  
  174  8:48  Roach x4  
  182  8:49  Roach x2  
  182  8:51  Roach  
  182  8:53  Roach  
  182  8:55  Roach  
  170  8:58  Roach  
Tags
 
Add a new tag
Caveats
  • Supply blocks, unpowered buildings, or Contaminate may cause inaccurate times.
  • Supply counts are checked every 10 seconds.